 Dungeon Sprint DCSS version 0.26-a0-651-gb41185065b (webtiles) character file.

Game seed: 3237073633894480194

203856 mhtbhm the Minotaur Barricade (level 16, -5/183 HPs)
             Began as a Minotaur Fighter on Sept 28, 2020.
             Was the Champion of Okawaru.
             Slain by Antaeus (48 damage)
             ... in the Dungeon (Sprint IX: "|||||||||||||||||||||||||||||").
             The game lasted 00:13:40 (5994 turns).

mhtbhm the Minotaur Barricade (Minotaur Fighter)    Turns: 5994, Time: 00:13:41

Health: -5/183     AC: 32    Str: 33    XL:     16   Next: 74%
Magic:  19/19      EV: 21    Int:  9    God:    Okawaru [******]
Gold:   237        SH: 34    Dex: 20    Spells: 15/15 levels left

rFire    + . .     SeeInvis .   a - +4 double sword of Dominance {vorpal, rF+ rN++ Str-5 Dex+3}
rCold    + . .     Faith    .   c - +0 tower shield
rNeg     + + .     Spirit   .   b - +3 plate armour {rC+}
rPois    +         Reflect  +   y - +0 hat of Viny Amelioration {Int+4}
rElec    .         Harm     .   H - scarf {+Inv}
rCorr    .         Rampage  .   r - +1 pair of gloves {Dex+3}
MR       +....     Rnd*Rage +   o - +2 pair of boots of Cihoh {Str+3 Dex+3 Stlth-} Stlth ..........NoTele +
                                i - amulet of reflection
HPRegen  0.40/turn              G - +6 ring of strength
MPRegen  0.16/turn              F - +2 ring of slaying

@: frozen, berserk cooldown, slowed, very slow
A: retaliatory headbutt, claws 1, horns 2, berserk 1, poison resistance, strong
1, wild magic 1
}: 4/17 runes: decaying, serpentine, barnacled, gossamer
a: Heroism, Finesse, Renounce Religion, Evoke Invisibility


You were in the Dungeon.
You worshipped Okawaru.
Okawaru was exalted by your worship.
You visited 1 branch You collected 1951 gold pieces.
You spent 1714 gold pieces at shops.

Inventory:

Hand Weapons
 a - the +4 double sword of Dominance (weapon) {vorpal, rF+ rN++ Str-5 Dex+3}
   (Okawaru gifted it to you in the Dungeon)

   It inflicts extra damage upon your enemies.
   It affects your strength (-5).
   It affects your dexterity (+3).
   It protects you from fire.
   It greatly protects you from negative energy.
 p - the +7 great mace "Undeadhunter" {disrupt, rN+}
   (You found it in the Dungeon)

   It protects you from negative energy.
 B - a +1 demon blade of venom
 C - a +1 demon blade of flaming
Missiles
 z - 45 javelins (quivered)
 A - 11 silver javelins
Armour
 b - a +3 plate armour of cold resistance (worn)
 c - a +0 tower shield (worn)
 o - the +2 pair of boots of Cihoh (worn) {Str+3 Dex+3 Stlth-}
   (You found it in the Dungeon)

   It affects your strength (+3).
   It affects your dexterity (+3).
   It makes you less stealthy.
 r - a +1 pair of gloves of dexterity (worn)
 y - the +0 hat of Viny Amelioration (worn) {Int+4}
   (Okawaru gifted it to you in the Dungeon)

   It affects your intelligence (+4).
 H - a scarf of invisibility (worn)
Jewellery
 d - an uncursed amulet of regeneration
 i - an amulet of reflection (around neck)
 F - a +2 ring of slaying (right hand)
 G - a +6 ring of strength (left hand)
Wands
 n - a wand of iceblast (6)
 u - a wand of polymorph (3)
Scrolls
 j - 4 scrolls of blinking
 l - 5 scrolls of remove curse
 m - 2 scrolls of amnesia
 v - 3 scrolls of identify
 w - 3 scrolls of fear
 x - 2 scrolls of enchant armour
 E - 8 scrolls of enchant weapon
Potions
 e - 8 potions of curing
 f - 10 potions of heal wounds
 g - 2 potions of haste
 h - 4 potions of magic
 k - a potion of invisibility
 s - 3 potions of stabbing
 t - 2 potions of resistance
 D - 2 potions of brilliance


   Skills:
 O Level 27 Fighting
 O Level 27 Long Blades
 + Level 4.9 Throwing
 O Level 27 Armour
 + Level 15.9 Dodging
 + Level 4.0 Stealth
 O Level 27 Shields
 + Level 2.5 Unarmed Combat
 + Level 5.8 Invocations
 + Level 5.1 Evocations


You had 15 spell levels left.
You didn't know any spells.
Your spell library contained the following spells:

 Spells                   Type           Power        Failure   Level
 Confusing Touch          Hex            #.......     98%         3
 Gell's Gravitas          Tloc           #.........   98%         3
 Petrify                  Tmut/Erth      #.......     100%        4
 Metabolic Englaciation   Hex/Ice        #.........   100%        5
 Yara's Violent Unravell  Hex/Tmut       #.........   100%        5


Dungeon Overview and Level Annotations

Branches:
Dungeon (1/1)

Altars:
Cheibriados
Dithmenos
Elyvilon
Fedhas
Gozag
Hepliaklqana
Kikubaaqudgha
Makhleb
Nemelex Xobeh
Okawaru
Qazlal
Ru
Sif Muna
Trog
Uskayaw
Vehumet
Wu Jian
Xom
Yredelemnul
Zin
The Shining One
Beogh
Jiyva
Lugonu

Shops:
D [([=

Annotations:
D Antaeus, Mnoleg


Innate Abilities, Weirdness & Mutations

You reflexively headbutt those who attack you in melee.
You have a pair of horns on your head.
You have sharp fingernails.
You tend to lose your temper in combat.
Your system is resistant to poisons. (rPois)
Your muscles are strong. (Str +2)
Your spells are a little harder to cast, but a little more powerful.


Message History

You block Antaeus's attack. x2
A guardian mummy, Antaeus and Mnoleg come into view.
Things that are here:
2 large rocks; a stone giant corpse You barely miss Mnoleg.
You headbutt Mnoleg!
Mnoleg is lightly wounded.
You block Mnoleg's attack. Mnoleg misses you. Mnoleg completely misses you.
You block Mnoleg's attack. Antaeus gestures at you. The flash freeze hits you!!
You partially resist.
You are encased in ice.
You slice Mnoleg!! Your headbutt misses Mnoleg.
Mnoleg is lightly wounded.
Mnoleg claws you!!
* * * LOW HITPOINT WARNING * * *
You block Mnoleg's attack. x3
The ironbrand convoker casts a spell at the white draconian.
The white draconian seems to grow stronger.
Antaeus hits you!!!
You die...

)▓.▓)▓.▓.▓.▓)▓.▓)▓,*,*,*,*,*,*,*,
)▓.▓†▓.▓.▓.▓)▓.▓(▓,*,*,*,*,*,*,*,
†▓.▓)▓[▓.▓.▓)▓.▓)▓,*,*,*,*,*,*,*,
.▓.▓)▓.▓.▓.▓.▓.▓)▓,*,*,*,*,*,*,*,
.▓.▓)▓.▓.▓.▓)▓.▓)▓,*,*,*,*,*,*,*,
.▓.▓[▓.▓.▓.▓.▓.▓[▓,*,*,*,*,*,*,*+
.▓.▓)▓.▓.▓.▓)▓.▓M▓,*,*,*+*,*,*,*,
.▓.▓†▓.▓.▓.▓.▓.▓C▓,*,*,*,*,*,*,*,
'▓.▓†▓.▓.▓.▓)▓.▓@▓,*,*,*,*,*,*,*,
.▓.▓(▓.▓.▓.▓)▓.▓&▓,*,*,*,*,*,*,*,
)▓.▓)▓.▓.▓.▓)▓.▓p▓,*,*,*,*,*,*,*,
)▓.▓.▓.▓.▓.▓.▓.▓d▓,*,*,*,*,*,*,*,
)▓.▓.▓.▓.▓.▓'▓.▓e▓,*,*,*,*,*,*,*,
)▓.▓.▓.▓.▓.▓)▓.▓.▓,*,*,*,*,*+*,*,
†▓.▓.▓.▓.▓.▓)▓.▓.▓,*,*,*,*,*,*,*,
)▓.▓.▓.▓.▓.▓.▓.▓.▓,*,*,*,*,*,*,*,
.▓.▓.▓.▓.▓.▓†▓.▓,*,*,*,*+*,*,*,*,


You could see Antaeus, Mnoleg, a white draconian (strong), a deep elf archer
(strong, repels missiles), an ironbrand convoker (strong, catching breath) and a
guardian mummy.

Vanquished Creatures
  An orb of fire (D)
  Boris (D)
  Frederick (D)
  An Orb Guardian (D)
  A tentacled monstrosity (D)
  A titan (D)
  A sphinx (D)
  2 shadow dragons (D)
  Donald (D)
  4 nagarajas (D)
  Ilsuiw (D)
  A ghost moth (D)
  A fire giant (D)
  2 vault wardens (D)
  A frost giant (D)
  5 emperor scorpions (D)
  3 ironheart preservers (D)
  A war gargoyle (D)
  5 stone giants (D)
  2 entropy weavers (D)
  4 very ugly things (D)
  Nessos (D)
  A purple draconian (D)
  A spark wasp (D)
  4 merfolk javelineers (D)
  An ettin (D)
  A mummy priest (D)
  2 fire dragons (D)
  5 ogre magi (D)
  A yaktaur captain (D)
  A great orb of eyes (D)
  2 merfolk impalers (D)
  A rakshasa (D)
  25 vault guards (D)
  9 hydras (D)
  2 merfolk avatars (D)
  An ice dragon (D)
  Erica (D)
  An anaconda (D)
  A centaur warrior (D)
  4 merfolk aquamancers (D)
  2 ghost crabs (D)
  A death knight (D)
  A deep troll earth mage (D)
  A naga sharpshooter (D)
  A deep elf knight (D)
  Nergalle (D)
  2 sea snakes (D)
  2 unseen horrors (D)
  3 swamp dragons (D)
  A naga ritualist (D)
  4 orc knights (D)
  5 ironbrand convokers (D)
  A necromancer (D)
  An orb spider (D)
  2 cyclopes (D)
  2 wolf spiders (D)
  4 orc sorcerers (D)
  4 ugly things (D)
  3 manticores (D)
  2 moths of wrath (D)
  3 black mambas (D)
  A black mamba (shapeshifter) (D)
  2 merfolk sirens (D)
  Maurice (D)
  3 naga magi (D)
  6 guardian serpents (D)
  A vault sentinel (D)
  5 cane toads (D)
  A cane toad (shapeshifter) (D)
  A gargoyle (D)
  2 yaktaurs (D)
  A komodo dragon (D)
  A merfolk (shapeshifter) (D)
  3 merfolk (D)
  5 jumping spiders (D)
  2 trolls (D)
  A polar bear (D)
  2 tyrant leeches (D)
  2 slime creatures (D)
  2 bog bodies (D)
  2 hornets (D)
  4 hippogriffs (D)
  2 blink frogs (D)
  4 redbacks (D)
  A yak (D)
  A wraith (D)
  A wyvern (D)
  2 vampire mosquitoes (D)
  2 nagas (D)
  A porcupine (D)
  2 swamp drakes (D)
  12 orc warriors (D)
  An ice beast (D)
  A wolf (D)
  3 crocodiles (D)
  6 bullfrogs (D)
  2 orc priests (D)
  2 hounds (D)
  13 orc wizards (D)
  3 worker ants (D)
  A shadow imp (D)
  A white imp (D)
  An adder zombie (D)
  7 orcs (D)
  A bat zombie (D)
  A giant cockroach (D)
  A hobgoblin (D)
  2 kobolds (D)
  A rat (D)
274 creatures vanquished.

Vanquished Creatures (others)
  A thorn hunter (D)
  A frost giant (D)
  A hydra (D)
  A spriggan (D)
  A guardian mummy (D)
  A hornet (D)
  A naga (D)
  A swamp drake (D)
8 creatures vanquished.

Grand Total: 282 creatures vanquished

Notes
Turn   | Place    | Note
-------+----------+-------------------------------------------
     0 | D        | mhtbhm the Minotaur Fighter began the quest for the Orb.
     0 | D        | Reached XP level 1. HP: 19/19 MP: 0/0
     7 | D        | Banished a spatial maelstrom
   104 | D        | Noticed a hound
   104 | D        | Noticed a worker ant
   104 | D        | Noticed a worker ant
   111 | D        | Killed a hound
   111 | D        | Reached skill level 5 in Fighting
   111 | D        | Reached skill level 5 in Armour
   111 | D        | Reached skill level 5 in Shields
   111 | D        | Reached XP level 2. HP: 27/29 MP: 1/1
   111 | D        | Reached XP level 3. HP: 33/36 MP: 2/2
   121 | D        | Reached XP level 4. HP: 32/44 MP: 3/3
   124 | D        | Reached skill level 1 in Dodging
   127 | D        | Reached skill level 5 in Long Blades
   134 | D        | Found a roughly hewn altar of Beogh.
   134 | D        | Found a snail-covered altar of Cheibriados.
   134 | D        | Found a shadowy altar of Dithmenos.
   134 | D        | Found a white marble altar of Elyvilon.
   134 | D        | Found a blossoming altar of Fedhas.
   134 | D        | Found an opulent altar of Gozag.
   135 | D        | Found a hazy altar of Hepliaklqana.
   136 | D        | Found a viscous altar of Jiyva.
   137 | D        | Found an ancient bone altar of Kikubaaqudgha.
   138 | D        | Found a corrupted altar of Lugonu.
   139 | D        | Found a burning altar of Makhleb.
   140 | D        | Found a sparkling altar of Nemelex Xobeh.
   141 | D        | Found an iron altar of Okawaru.
   142 | D        | Found a stormy altar of Qazlal.
   143 | D        | Found a sacrificial altar of Ru.
   144 | D        | Found a shimmering blue altar of Sif Muna.
   145 | D        | Found a bloodstained altar of Trog.
   146 | D        | Found a hide-covered altar of Uskayaw.
   147 | D        | Found a radiant altar of Vehumet.
   148 | D        | Found an ornate altar of the Wu Jian Council.
   149 | D        | Became a worshipper of Warmaster Okawaru
   150 | D        | Found a shimmering altar of Xom.
   151 | D        | Found a basalt altar of Yredelemnul.
   152 | D        | Found a glowing silver altar of Zin.
   153 | D        | Found a glowing golden altar of the Shining One.
   348 | D        | Noticed a yak
   348 | D        | Noticed a hippogriff
   348 | D        | Noticed an ice beast
   362 | D        | Killed a yak
   362 | D        | Reached XP level 5. HP: 31/53 MP: 4/4
   365 | D        | Killed a hippogriff
   365 | D        | Reached * piety under Okawaru
   365 | D        | Reached XP level 6. HP: 31/62 MP: 5/5
   367 | D        | Killed an ice beast
   372 | D        | Reached XP level 7. HP: 36/70 MP: 6/6
   531 | D        | Noticed a green ugly thing
   531 | D        | Noticed a troll
   543 | D        | Killed a green ugly thing
   543 | D        | Reached ** piety under Okawaru
   543 | D        | Reached skill level 5 in Dodging
   543 | D        | Reached skill level 10 in Shields
   548 | D        | Reached XP level 8. HP: 78/79 MP: 7/7
   551 | D        | Killed an unseen horror
   551 | D        | Reached skill level 10 in Fighting
   555 | D        | Killed a troll
   555 | D        | Reached *** piety under Okawaru
   687 | D        | Gained mutation: Your system is resistant to poisons.
                  | (rPois) [potion of mutation]
   687 | D        | Gained mutation: Your spells are a little harder to cast,
                  | but a little more powerful. [potion of mutation]
   687 | D        | Gained mutation: Your muscles are strong. (Str +2) [potion
                  | of mutation]
   688 | D        | Noticed a hippogriff
   688 | D        | Noticed a blink frog
   688 | D        | Noticed an eight-headed hydra
   691 | D        | Killed a hippogriff
   691 | D        | Reached skill level 10 in Armour
   693 | D        | Noticed a cane toad
   694 | D        | Reached XP level 9. HP: 86/86 MP: 8/8
   697 | D        | Noticed a komodo dragon
   699 | D        | Killed a four-headed hydra
   699 | D        | Reached **** piety under Okawaru
   702 | D        | Reached skill level 15 in Long Blades
   714 | D        | Killed a cane toad
   716 | D        | Killed a komodo dragon
   716 | D        | Reached skill level 1 in Stealth
   821 | D        | Noticed a cane toad
   825 | D        | Reached ***** piety under Okawaru
   825 | D        | Noticed a polar bear
   829 | D        | Reached XP level 10. HP: 95/97 MP: 9/9
   829 | D        | Noticed a cane toad
   839 | D        | Killed a cane toad
   844 | D        | Killed a cane toad
   932 | D        | Noticed a cane toad
   932 | D        | Noticed a cane toad
   941 | D        | Killed a cane toad
   950 | D        | Killed a cane toad
   969 | D        | Reached skill level 10 in Dodging
  1169 | D        | Noticed an orc knight
  1183 | D        | Killed an orc knight
  1195 | D        | Reached skill level 15 in Shields
  1200 | D        | Received a gift from Okawaru
  1266 | D        | Noticed an orc knight
  1280 | D        | Killed an orc knight
  1280 | D        | Reached XP level 11. HP: 107/108 MP: 10/10
  1290 | D        | Reached ****** piety under Okawaru
  1333 | D        | Found Asaomy's Antique Armour Emporium.
  1340 | D        | Found Beenkuos's Antique Weapon Shoppe.
  1362 | D        | Found Wiukor's Antique Armour Emporium.
  1366 | D        | Found Naogali's Jewellery Shoppe.
  1368 | D        | Noticed an orc sorcerer
  1370 | D        | Noticed an orc sorcerer
  1371 | D        | Noticed an orc sorcerer
  1373 | D        | Noticed a soul eater
  1373 | D        | Noticed an orc sorcerer
  1380 | D        | Killed an orc sorcerer
  1391 | D        | Killed an orc sorcerer
  1399 | D        | Killed an orc sorcerer
  1406 | D        | Killed an orc sorcerer
  1606 | D        | Bought an uncursed amulet of reflection for 330 gold pieces
  1614 | D        | Bought a shiny plate armour for 702 gold pieces
  1623 | D        | Bought a pair of glowing gloves for 142 gold pieces
  1653 | D        | Bought a bloodstained troll leather armour for 540 gold
                  | pieces
  1667 | D        | Identified the +4 troll leather armour of Amelioration
                  | {rElec rPois rC- Regen+ Dex-3} (You bought it in a shop in
                  | the Dungeon)
  1741 | D        | Noticed Erica
  1753 | D        | Killed Erica
  1753 | D        | Reached skill level 15 in Fighting
  1836 | D        | Got the +2 pair of boots of Cihoh {Str+3 Dex+3 Stlth-}
  1878 | D        | Noticed a cyan ugly thing
  1882 | D        | Killed a cyan ugly thing
  1900 | D        | Noticed a stone giant
  1901 | D        | Noticed a necromancer
  1903 | D        | Noticed an ogre mage
  1908 | D        | Received a gift from Okawaru
  1916 | D        | Noticed a centaur warrior
  1917 | D        | Killed a stone giant
  1925 | D        | Killed a necromancer
  1926 | D        | Noticed a white very ugly thing
  1926 | D        | Killed an ogre mage
  1926 | D        | Reached XP level 12. HP: 108/122 MP: 11/11
  1931 | D        | Killed a centaur warrior
  1941 | D        | Killed a white very ugly thing
  1941 | D        | Reached skill level 1 in Evocations
  2009 | D        | Noticed Maurice
  2028 | D        | Noticed Donald
  2047 | D        | Killed Donald
  2050 | D        | Killed Maurice
  2258 | D        | Noticed a spark wasp
  2258 | D        | Noticed an emperor scorpion
  2263 | D        | Killed a ghost moth
  2263 | D        | Reached skill level 1 in Unarmed Combat
  2266 | D        | Killed a spark wasp
  2294 | D        | Killed an emperor scorpion
  2294 | D        | Received a gift from Okawaru
  2309 | D        | Got a pair of scorched boots {god gift}
  2320 | D        | Identified the +0 pair of boots of Mysticism {Str+4}
                  | (Okawaru gifted it to you in the Dungeon)
  2340 | D        | Noticed an eight-headed hydra
  2340 | D        | Noticed a thorn hunter
  2340 | D        | Noticed a ghost crab
  2348 | D        | Killed a seven-headed hydra
  2351 | D        | Killed a thorn hunter
  2358 | D        | Killed a ghost crab
  2630 | D        | Noticed an anaconda
  2653 | D        | Reached XP level 13. HP: 125/136 MP: 12/12
  2789 | D        | Received a gift from Okawaru
  2808 | D        | Got a bone double sword {god gift}
  2809 | D        | Identified the +4 double sword of Dominance {vorpal, rF+
                  | rN++ Str-5 Dex+3} (Okawaru gifted it to you in the Dungeon)
  2880 | D        | Noticed Nessos
  2881 | D        | Killed Nessos
  2942 | D        | Noticed a red very ugly thing
  2942 | D        | Noticed a fire giant
  2947 | D        | Noticed a fire dragon
  2951 | D        | Killed a red very ugly thing
  2956 | D        | Noticed a frost giant
  2957 | D        | Noticed a purple very ugly thing
  2961 | D        | Noticed a cyan very ugly thing
  2968 | D        | Killed a fire giant
  2972 | D        | Noticed a stone giant
  2973 | D        | Received a gift from Okawaru
  2985 | D        | Killed a fire dragon
  2991 | D        | Killed a frost giant
  3001 | D        | Killed a white very ugly thing
  3006 | D        | Killed a green very ugly thing
  3020 | D        | Killed a stone giant
  3035 | D        | Got a shimmering hat {god gift}
  3041 | D        | Identified the +0 hat of Viny Amelioration {Int+4} (Okawaru
                  | gifted it to you in the Dungeon)
  3052 | D        | Noticed a stone giant
  3052 | D        | Noticed a fire dragon
  3066 | D        | Killed a stone giant
  3066 | D        | Reached XP level 14. HP: 58/149 MP: 10/13
  3336 | D        | Noticed an ironheart preserver
  3342 | D        | Noticed an entropy weaver
  3360 | D        | Killed an ironheart preserver
  3369 | D        | Noticed an ironheart preserver
  3376 | D        | Killed an entropy weaver
  3376 | D        | Reached skill level 15 in Armour
  3384 | D        | Noticed a vault warden
  3385 | D        | Noticed a frost giant
  3386 | D        | Noticed an orb of fire
  3387 | D        | Received a gift from Okawaru
  3399 | D        | Gained mutation: You tend to lose your temper in combat.
                  | [an orb of fire]
  3400 | D        | Gained mutation: You have sharp fingernails. [an orb of
                  | fire]
  3401 | D        | Killed an orb of fire
  3401 | D        | Reached skill level 1 in Invocations
  3410 | D        | Killed a vault warden
  3414 | D        | Killed an ironheart preserver
  3418 | D        | Killed a frost giant
  3421 | D        | Noticed a sphinx
  3421 | D        | Noticed an Orb Guardian
  3428 | D        | Noticed an entropy weaver
  3432 | D        | Killed a sphinx
  3435 | D        | Noticed a stone giant
  3436 | D        | Killed an Orb Guardian
  3441 | D        | Received a gift from Okawaru
  3446 | D        | Killed an entropy weaver
  3457 | D        | Killed a stone giant
  3718 | D        | Noticed Boris
  3732 | D        | Killed Boris
  3732 | D        | Reached XP level 15. HP: 135/168 MP: 15/15
  3836 | D        | Noticed Frederick
  3846 | D        | Killed Frederick
  3891 | D        | Found the +7 great mace "Undeadhunter" {disrupt, rN+}
  4474 | D        | Got a gossamer rune of Zot
  4513 | D        | Received a gift from Okawaru
  4527 | D        | Got a decaying rune of Zot
  4533 | D        | Got an ichor-stained falchion {god gift}
  4534 | D        | Identified the +1 falchion "Gewo" {flame, +Fly MR+ SInv}
                  | (Okawaru gifted it to you in the Dungeon)
  4574 | D        | Noticed Ilsuiw
  4601 | D        | Reached skill level 27 in Shields
  4713 | D        | Killed Ilsuiw
  5098 | D        | Received a gift from Okawaru
  5147 | D        | Got a barnacled rune of Zot
  5201 | D        | Noticed a nagaraja
  5201 | D        | Noticed a nagaraja
  5202 | D        | Noticed a nagaraja
  5202 | D        | Noticed a nagaraja
  5205 | D        | Killed a nagaraja
  5227 | D        | Killed a nagaraja
  5227 | D        | Reached skill level 27 in Fighting
  5227 | D        | Reached skill level 27 in Long Blades
  5236 | D        | Killed a nagaraja
  5243 | D        | Killed a nagaraja
  5243 | D        | Reached skill level 1 in Throwing
  5261 | D        | Reached XP level 16. HP: 38/183 MP: 17/17
  5266 | D        | Got a serpentine rune of Zot
  5690 | D        | Noticed Nergalle
  5699 | D        | Killed Nergalle
  5699 | D        | Received a gift from Okawaru
  5845 | D        | Reached skill level 5 in Invocations
  5927 | D        | Noticed a titan
  5938 | D        | Reached skill level 15 in Dodging
  5946 | D        | Noticed a shadow dragon
  5948 | D        | Killed a titan
  5949 | D        | Noticed a shadow dragon
  5963 | D        | Noticed a tentacled monstrosity
  5967 | D        | Killed a shadow dragon
  5973 | D        | Killed a shadow dragon
  5984 | D        | Killed a tentacled monstrosity
  5984 | D        | Received a gift from Okawaru
  5984 | D        | Reached skill level 5 in Evocations
  5991 | D        | Reached skill level 27 in Armour
  5993 | D        | Noticed Antaeus
  5993 | D        | Noticed Mnoleg
  5994 | D        | Slain by Antaeus

Illustrated notes

Levels and vault maps discovered:
D:        linesprint [early_d, line_temple, items_1, d_10, items_2, lair_1,
          lair_end, items_3, orc_1, orc_end, items_4, d_15, swamp_1, shoals_1,
          snake_1, spider_1, d_20, vaults_1, items_5, swamp_end, shoals_end,
          snake_end, spider_end, vaults_end, d_27, items_6, zot_1, zot_end,
          crypt_end, forest_end, elf_end, slime_end, tomb_end, abyss_end,
          pan_hell_end]

Skill      XL: |  1  2  3  4  5  6  7  8  9 10 11 12 13 14 15 16 |
---------------+-------------------------------------------------+-----
Fighting       | 5 6 7 8 9 10 11 13 16 18 20 24 27 | 27.0
Armour         | 5 6 8 9 10 11 13 14 16 19 27 | 27.0
Shields        | 5 6 8 9 10 12 13 15 17 20 22 24 27 | 27.0
Long Blades    | 3 4 7 8 9 11 13 16 17 19 20 22 25 27 | 27.0
Dodging        | 2 3 4 5 7 9 10 12 13 15 | 15.9
Stealth        | 1 2 4 |  4.0
Evocations     | 2 3 5 |  5.1
Unarmed Combat | 2 |  2.5
Invocations    | 2 3 5 |  5.8
Throwing       | 1 4 |  4.9

Action                   |  1- 3 |  4- 6 |  7- 9 | 10-12 | 13-15 | 16-18 || total
-------------------------+-------+-------+-------+-------+-------+-------++-------
Melee: Long sword        |    31 |     6 |       |       |       |       ||    37
       Headbutt          |     4 |    10 |    19 |    98 |   196 |    57 ||   384
       Scimitar          |       |    22 |    63 |   184 |       |       ||   269
       Demon blade       |       |       |       |   163 |   107 |    14 ||   284
       Unarmed           |       |       |       |     6 |       |       ||     6
       Double sword      |       |       |       |       |   368 |   139 ||   507
Throw: Javelin           |       |       |       |       |     1 |       ||     1
Invok: Heroism           |       |       |       |       |     3 |       ||     3
Evoke: Wand              |       |       |       |     3 |     1 |       ||     4
  Use: Potion            |       |       |     1 |     1 |     3 |       ||     5
       Scroll            |       |       |       |     1 |     2 |       ||     3
 Stab: Held in net/web   |       |       |       |       |     2 |       ||     2
Armor: Scale mail        |    19 |     3 |       |       |       |       ||    22
       Ring mail         |       |     3 |     6 |    15 |       |       ||    24
       Plate armour      |       |       |       |    34 |   109 |    12 ||   155
       Skin              |       |       |       |     1 |       |       ||     1
Dodge: Dodged            |     8 |     8 |    22 |    92 |   129 |    24 ||   283
Block: Kite shield       |    11 |    13 |    31 |   169 |   370 |    37 ||   631
       Reflection        |       |       |       |     2 |    19 |       ||    21
       Tower shield      |       |       |       |       |       |    60 ||    60
       Rpst.: Long sword |     2 |       |       |       |       |       ||     2
       Scimitar          |       |     3 |     4 |    10 |       |       ||    17
       Demon blade       |       |       |       |     8 |     5 |       ||    13
       Double sword      |       |       |       |       |     9 |     2 ||    11

Table legend: (Time is in decaauts)
 A = Elapsed time spent in this place.
 B = Non-inter-level travel time spent in this place.
 C = Inter-level travel time spent in this place.
 D = Time resting spent in this place.
 E = Time spent auto-exploring this place.
 F = Levels seen in this place.
 G = Mean time per level.
                   A        B        C        D        E       F      G
               +--------+--------+--------+--------+--------+-----+--------+
         Total |   5709 |   5709 |      0 |   2169 |   1048 |   1 | 5709.0 |
       Dungeon |   5709 |   5709 |      0 |   2169 |   1048 |   1 | 5709.0 |
               +--------+--------+--------+--------+--------+-----+--------+

Top non-repeatable levels by time:
       D: 5709 daAuts
